Cogmind - Beta 9.1 @@@ ROGUE MODE // 2019.11.09 @ 18:29:43 Player: Rilt Result: Destroyed by P-60 Hacker with Shock Rifle Performance ------------- Evolutions (3) 1500 Regions Visited (5) 1000 Robots Destroyed (35) 175 Value Destroyed (987) 987 Prototype IDs (3) 60 Alien Tech Used (0) 0 Bonus (44) 44 TOTAL SCORE: 3766 Bonus ------- High Alert Combat Kills 44 Cogmind --------- Core Integrity 0/700 Matter 2/300 Energy 97/100 System Corruption 1% Temperature Cool (0) Location -7/Factory Parts ------- Power (2) Propulsion (3) Utility (4) Weapon (4) Chainsword Inventory (4) Nuclear Core Wheel Medium Storage Unit Improved Targeting Computer Peak State ------------ Power Micro Nuclear Core Propulsion Medium Treads Aerolev Unit Utility Hardened Heavy Armor Plating Weapon (None) Inventory Medium Storage Unit Improved Targeting Computer [Rating: 20] Favorites ----------- Power Light Ion Engine Engine Light Ion Engine Power Core Micro Nuclear Core Propulsion Light Treads Treads Light Treads Wheel Wheel Hover Unit Aerolev Unit Flight Unit Cesium-ion Thruster Utility Improved Targeting Computer Device Sensor Array Storage Medium Storage Unit Processor Improved Targeting Computer Protection Light Armor Plating Weapon Rocket Launcher Energy Gun Gatling Laser Energy Cannon Heavy Particle Cannon Ballistic Gun Assault Rifle Launcher Rocket Launcher Special Weapon Mining Laser Impact Weapon Hammer Slashing Weapon Chainsword Build | -11 -10 -9 -9 -8 -7 ------- Run | Scr Mat Mat Min Mat Fac Slots Evolved 6 | . . 2 . 2 2 Power 1 | . . . . . 1 Propulsion 1 | . . 1 . . . Utility 2 | . . 1 . 1 . Weapon 2 | . . . . 1 1 Parts Attached 44 | 7 11 3 4 11 8 Power 5 | 2 1 1 . . 1 Engine 4 | 2 1 1 . . . Core 1 | . . . . . 1 Reactor . | . . . . . . Propulsion 11 | 2 2 1 . 5 1 Treads 4 | . 2 1 . . 1 Leg . | . . . . . . Wheel 3 | 2 . . . 1 . Hover 3 | . . . . 3 . Flight 1 | . . . . 1 . Utility 8 | 1 2 1 . 2 2 Device 1 | . . . . 1 . Storage 3 | 1 1 . . 1 . Processor 1 | . 1 . . . . Hackware . | . . . . . . Protection 3 | . . 1 . . 2 Artifact . | . . . . . . Weapon 20 | 2 6 . 4 4 4 Energy Gun 4 | 1 . . . 2 1 Energy Cannon 1 | . . . . 1 . Ballistic Gun 3 | 1 . . 1 . 1 Ballistic Cannon . | . . . . . . Launcher 7 | . 4 . 2 1 . Special Weapon 1 | . . . 1 . . Impact Weapon 2 | . 2 . . . . Slashing Weapon 2 | . . . . . 2 Piercing Weapon . | . . . . . . Special Melee Weapon . | . . . . . . Unidentified Prototypes 1 | . . . . 1 . Parts Lost 24 | . 4 2 6 6 6 Power 3 | . 1 . 1 . 1 Propulsion 9 | . 2 . 3 2 2 Utility 3 | . . 1 . 1 1 Weapon 9 | . 1 1 2 3 2 Highest Loss Streak 8 | . 4 2 8 6 3 Average Slot Usage (%) 61 | . 91 99 29 30 18 Engine 6 | . 13 11 . . . Treads 13 | . 11 32 2 . 3 Wheel 4 | . 15 . . 5 . Hover 1 | . . . . 3 3 Device 1 | . . . . 7 . Storage 7 | . 14 11 11 . . Processor 6 | . 8 11 11 . . Protection 3 | . . 10 . . 1 Ballistic Gun 1 | . 5 . . . . Launcher 6 | . 11 11 3 . . Impact Weapon 5 | . 8 11 . . . Naked Turns 68 | . . . . . 68 Heaviest Build 26 | 12 19 22 21 8 26 Greatest Support 60 | 20 40 60 40 33 28 Greatest Overweight (x) 8 | . 1 . 3 2 8 Average Overweight (x) . | . . . 1 . . Largest Inventory Capacity 8 | 6 8 8 8 8 4 Average Capacity 6 | 5 7 8 8 4 4 Most Carried 8 | 6 8 8 7 7 4 Average Carried 5 | 2 5 7 5 4 3 Final Capacity 8 | 6 8 8 8 4 4 Final Carried 8 | 4 8 8 6 3 4 Class Distribution -------------------- 100% | Mutant Dominant Class ---------------- Mutant | -10/Materials Mutant | -9/Materials Mutant | -9/Mines Mutant | -8/Materials Mutant | -7/Factory Resources | -11 -10 -9 -9 -8 -7 ----------- Run | Scr Mat Mat Min Mat Fac Matter Collected 748 | 204 205 244 4 77 14 Remotely . | . . . . . . Salvage Created 989 | . 205 573 68 143 . Parts 52 | . 21 24 2 5 . Haulers Intercepted 1 | . 1 . . . . Recyclers Shooed . | . . . . . . Parts Field Recycled . | . . . . . . Retrieved Matter . | . . . . . . Parts Self-Destructed . | . . . . . . Prevented . | . . . . . . Kills | -11 -10 -9 -9 -8 -7 ------- Run | Scr Mat Mat Min Mat Fac Combat Hostiles Destroyed 22 | . 7 12 2 1 . AOE 22 | . 7 12 2 1 . Classes Destroyed 10 | . 5 3 1 1 . Worker 1 | . . . . 1 . Builder 3 | . 1 2 . . . Hauler 1 | . 1 . . . . Recycler 5 | . . 4 . 1 . Watcher 3 | . 1 2 . . . Swarmer 3 | . 3 . . . . Grunt 16 | . 4 10 1 1 . Brawler 1 | . . 1 . . . Duelist 1 | . . . 1 . . Sentry 1 | . . 1 . . . Best Kill Streak 7 | . 6 7 2 2 . Combat Bots Only 6 | . 5 6 2 1 . Max Kills in Single Turn 3 | . 2 3 1 1 . Gunslinging . | . . . . . . Exploded 3 | . 2 3 1 1 . Melee . | . . . . . . Uniques/NPCs Destroyed . | . . . . . . Combat | -11 -10 -9 -9 -8 -7 -------- Run | Scr Mat Mat Min Mat Fac Damage Taken 3906 | . 405 616 485 624 1776 Core 1167 | . 47 41 190 185 704 Absorbed by Shields . | . . . . . . Core Remaining (%) 72 | 100 81 . 42 66 . Volleys Fired 73 | . 22 25 7 17 2 Largest 2 | . 2 1 2 2 1 Hottest 100 | . 50 33 100 90 80 Shots Fired 84 | . 31 25 7 19 2 Gun 25 | . 16 . 3 4 2 Cannon 14 | . . . . 14 . Launcher 44 | . 15 25 3 1 . Special 1 | . . . 1 . . Kinetic 20 | . 16 . 3 . 1 Thermal 16 | . . . 1 14 1 Explosive 44 | . 15 25 3 1 . Electromagnetic 4 | . . . . 4 . Robot Hit Streak 6 | . 4 6 5 6 1 Robot Miss Streak 3 | . 2 2 1 3 2 Penetration Max . | . . . . . . Secondary Targets . | . . . . . . Shots Hit Robots 58 | . 22 18 6 10 2 Core Hits 59 | . 19 28 5 7 . Critical Hits . | . . . . . . Critical Kills . | . . . . . . Critical Parts Destroyed . | . . . . . . Melee Attacks 15 | . 8 2 . . 5 Impact 10 | . 8 2 . . . Slashing 5 | . . . . . 5 Piercing . | . . . . . . Sneak Attacks 1 | . . 1 . . . Combat Hostiles . | . . . . . . Follow-up Attacks . | . . . . . . Damage Inflicted 3455 | . 1040 1738 215 398 64 Guns 192 | . 105 . 35 28 24 Cannons 200 | . . . . 200 . Explosions 2842 | . 832 1666 174 170 . Melee 208 | . 103 72 . . 33 Ramming 13 | . . . 6 . 7 Kinetic 140 | . 105 . 35 . . Thermal 224 | . . . . 200 24 Explosive 2842 | . 832 1666 174 170 . Electromagnetic 28 | . . . . 28 . Impact 175 | . 103 72 . . . Slashing 33 | . . . . . 33 Piercing . | . . . . . . Highest Corruption 1 | . . . . . 1 Average Corruption 1 | . . . . . 1 Corruption Purged . | . . . . . . Overload Shots . | . . . . . . Overflow Damage 145 | . 32 89 24 . . Projectiles . | . . . . . . Explosions 102 | . 31 47 24 . . Melee 43 | . 1 42 . . . Knockbacks 3 | . 2 1 . . . Impact 3 | . 2 1 . . . Kinetic . | . . . . . . Secondary . | . . . . . . Self-Inflicted Damage 307 | . 36 75 146 47 3 Shots 8 | . 2 2 3 1 . Rammed 3 | . . . 2 . 1 Targets Rammed 3 | . . . 2 . 1 Kicked . | . . . . . . Crushed . | . . . . . . Highest Temperature 36 | . 14 12 . 36 26 Average Temperature 12 | . 5 4 . 16 19 Received Heat Transfer 606 | . 198 186 6 216 . Siege Activations . | . . . . . . Robots Corrupted . | . . . . . . Combat Hostiles . | . . . . . . Parts Fried 1 | . . 1 . . . Impact Corruptions 3 | . 1 2 . . . Robots Melted . | . . . . . . Combat Hostiles . | . . . . . . Parts Melted . | . . . . . . Heat Transferred 346 | . . . . 296 50 Parts Sabotaged . | . . . . . . Parts Stolen . | . . . . . . Parts Stripped . | . . . . . . Power Chain Reactions . | . . . . . . Missiles Intercepted . | . . . . . . Alert | -11 -10 -9 -9 -8 -7 ------- Run | Scr Mat Mat Min Mat Fac Peak Influence 642 | . 273 642 169 121 70 Average Influence 169 | . 164 307 167 98 46 Maximum Alert Level 2 | . 1 2 . . . Low Security (%) 72 | . . . . . . Level 1 13 | . . . . . . Level 2 13 | . . . . . . Level 3 . | . . . . . . Level 4 . | . . . . . . Level 5 . | . . . . . . High Security . | . . . . . . Max Security . | . . . . . . Squads Dispatched 7 | . 1 1 1 2 2 Investigation 2 | . 1 1 . . . Extermination 1 | . . . . . 1 Reinforcement 4 | . . . 1 2 1 Assault . | . . . . . . Garrison . | . . . . . . Intercept . | . . . . . . Construction Impeded 1 | . . . 1 . . Haulers Reinforced . | . . . . . . Stealth | -11 -10 -9 -9 -8 -7 --------- Run | Scr Mat Mat Min Mat Fac Distress Signals 2 | . 1 1 . . . Communications Jammed . | . . . . . . Distress Signals . | . . . . . . Times Spotted 68 | . 9 22 6 20 11 Peak Tracking Total 12 | . 3 7 4 12 5 Tactical Retreats 5 | . 1 . . 2 2 Traps | -11 -10 -9 -9 -8 -7 ------- Run | Scr Mat Mat Min Mat Fac Traps Triggered 2 | . 1 1 . . . Indirectly . | . . . . . . Trap Hack Attempts . | . . . . . . Triggered . | . . . . . . Disarmed . | . . . . . . Reprogrammed . | . . . . . . Reused . | . . . . . . Traps Extracted . | . . . . . . Installed . | . . . . . . Triggered . | . . . . . . Machines | -11 -10 -9 -9 -8 -7 ---------- Run | Scr Mat Mat Min Mat Fac Machines Disabled 15 | . 2 11 . 1 1 Max in Single Turn 4 | . 1 4 . 1 1 Machines Sabotaged . | . . . . . . Garrisons Compromised . | . . . . . . Overloaded Fab Kills . | . . . . . . Fab Network Shutdowns . | . . . . . . Hacking | -11 -10 -9 -9 -8 -7 --------- Run | Scr Mat Mat Min Mat Fac Machines Accessed 7 | . 1 3 . 2 1 Terminals 5 | . 1 2 . 2 . Fabricators 1 | . . . . . 1 Repair Stations . | . . . . . . Recycling Units 1 | . . 1 . . . Scanalyzers . | . . . . . . Garrison Access . | . . . . . . Total Hacks 12 | . 1 5 . 5 1 Successful 9 | . 1 4 . 3 1 Failed 3 | . . 1 . 2 . Catastrophic . | . . . . . . Database Lockouts . | . . . . . . Manual . | . . . . . . Terminals 10 | . 1 4 . 5 . Fabricators 1 | . . . . . 1 Repair Stations . | . . . . . . Recycling Units 1 | . . 1 . . . Scanalyzers . | . . . . . . Garrison Access . | . . . . . . Terminal Hacks 7 | . 1 3 . 3 . Record 2 | . 1 1 . . . Prototype ID Bank 1 | . . . . 1 . Emergency Access Points 2 | . . 1 . 1 . Locate Traps 1 | . . . . 1 . Reinforcement Status 1 | . . 1 . . . Fabricator Hacks 1 | . . . . . 1 Build 1 | . . . . . 1 Repair Station Hacks . | . . . . . . Recycling Unit Hacks 1 | . . 1 . . . Report Inventory 1 | . . 1 . . . Scanalyzer . | . . . . . . Garrison Access Hacks . | . . . . . . Unauthorized Hacks . | . . . . . . Terminals . | . . . . . . Fabricators . | . . . . . . Repair Stations . | . . . . . . Recycling Units . | . . . . . . Scanalyzers . | . . . . . . Garrison Access . | . . . . . . Data Cores Recovered . | . . . . . . Used . | . . . . . . Hacking Detections 3 | . . . . 2 1 Full Trace Events . | . . . . . . Feedback Events . | . . . . . . Feedback Blocked . | . . . . . . Robot Schematics Acquired . | . . . . . . Robots Built . | . . . . . . Matter . | . . . . . . Time . | . . . . . . Total Robot Build Rating . | . . . . . . Part Schematics Acquired . | . . . . . . Parts Built 2 | . . . . . 2 Matter 234 | . . . . . 234 Time 58 | . . . . . 58 Total Part Build Rating 14 | . . . . . 14 Parts Repaired . | . . . . . . Time . | . . . . . . Parts Recycled . | . . . . . . Recycled Matter . | . . . . . . Retrieved Matter . | . . . . . . Retrieved Components . | . . . . . . Parts Scanalyzed . | . . . . . . Part Schematics Acquired . | . . . . . . Parts Damaged . | . . . . . . Bothacking | -11 -10 -9 -9 -8 -7 ------------ Run | Scr Mat Mat Min Mat Fac Used RIF Installer . | . . . . . . Robots Hacked . | . . . . . . Non-combat . | . . . . . . Combat . | . . . . . . Robot Hacks Applied . | . . . . . . Relay Couplers Released . | . . . . . . Robots Rewired . | . . . . . . Allies Hacked . | . . . . . . Hacks Repelled . | . . . . . . Allies | -11 -10 -9 -9 -8 -7 -------- Run | Scr Mat Mat Min Mat Fac Total Allies . | . . . . . . Largest Group . | . . . . . . Highest-Rated Group . | . . . . . . Highest-Rated Ally . | . . . . . . Total Orders . | . . . . . . Ally Attacks . | . . . . . . Total Damage . | . . . . . . Kills . | . . . . . . Allies Corrupted . | . . . . . . Allies Melted . | . . . . . . Intel | -11 -10 -9 -9 -8 -7 ------- Run | Scr Mat Mat Min Mat Fac Robot Analysis Total . | . . . . . . Derelict Logs Recovered . | . . . . . . Drone Launches . | . . . . . . Drone Recoveries . | . . . . . . Exploration | -11 -10 -9 -9 -8 -7 ------------- Run | Scr Mat Mat Min Mat Fac Turns Passed 1766 | 47 357 522 228 251 361 Spaces Moved 1278 | 39 238 289 130 266 316 Core 295 | 5 . . 119 11 160 Treads 499 | . 85 289 11 . 114 Legs . | . . . . . . Wheels 269 | 34 153 . . 82 . Hover 93 | . . . . 51 42 Flight 122 | . . . . 122 . Fastest Speed 40 | 50 80 160 150 40 50 Average Speed 113 | 76 108 160 155 66 102 Slowest Speed 450 | 80 160 160 200 150 450 Overloaded Moves . | . . . . . . Propulsion Burnouts . | . . . . . . Robots Hopped . | . . . . . . Cave-ins Triggered . | . . . . . . Exploration Rate (%) 22 | 4 36 30 27 26 9 Regions Visited 5 Branch Regions 1 Pre-discovered Areas . | . . . . . . Known Exits Taken . | . . . . . . Unknown Exits Taken 5 | 1 1 1 1 1 . Scrap Searched . | . . . . . . Spaces Dug . | . . . . . . Terrain Destroyed 286 | . 106 119 44 17 . Melee . | . . . . . . Projectile 5 | . . . . 5 . AOE 281 | . 106 119 44 12 . Actions | -11 -10 -9 -9 -8 -7 --------- Run | Scr Mat Mat Min Mat Fac Total 1476 | 55 292 321 144 319 345 Wait 18 | . . . . 18 . Move 1273 | 38 237 288 129 265 316 Hop . | . . . . . . Pick Up 33 | 10 10 2 1 1 9 Fast Attach 12 | . 2 . . 9 1 Attach 25 | 6 4 2 4 2 7 Detach 3 | . . . 1 1 1 Swap 7 | 1 5 1 . . . Drop 14 | . 4 1 . 6 3 Fire 73 | . 22 25 7 17 2 Melee 15 | . 8 2 . . 5 Ram 3 | . . . 2 . 1 Kick . | . . . . . . Crush . | . . . . . . Escape Stasis . | . . . . . . Rewire . | . . . . . . Trap . | . . . . . . Miscellaneous . | . . . . . . Route ------- -11/Scrapyard -10/Materials -9/Materials -9/Mines -8/Materials -7/Factory History --------- Turn | Location | Event 31 | -11/Scrapyard | Discovered new exit (range 15) 48 | -11/Scrapyard | Entered Materials 156 | -10/Materials | Discovered new exit (range 15) 292 | -10/Materials | Lost 4 parts (1p2n1w) 305 | -10/Materials | Build established: Mutant 405 | -10/Materials | Entered another Materials area 405 | -9/Materials | Evolved 2 slots: Propulsion x1, Utility x1 839 | -9/Materials | Discovered new exit (range 11) 927 | -9/Materials | Entered Mines 984 | -9/Mines | Lost 8 parts (1p3n1u3w) 1120 | -9/Mines | Discovered new exit (range 6) 1148 | -9/Mines | Core integrity fell below 50% 1155 | -9/Mines | Entered Materials 1155 | -8/Materials | Evolved 2 slots: Utility x1, Weapon x1 1404 | -8/Materials | Discovered new exit (range 4) 1406 | -8/Materials | Entered Factory 1406 | -7/Factory | Evolved 2 slots: Power x1, Weapon x1 1417 | -7/Factory | Lost 6 parts (2n1u3w) 1481 | -7/Factory | Fabricated Railgun? 1653 | -7/Factory | Lost 3 parts (2n1w) 1683 | -7/Factory | Core integrity fell below 50% 1755 | -7/Factory | Core integrity fell below 20% 1767 | -7/Factory | Destroyed by P-60 Hacker with Shock Rifle Last Messages --------------- ALERT: Rogue bot located, Programmers report to Factory Zone 8R. U-05 Engineer repairs door. K-01 Serf cleans the Fabricator. Acquired Railgun. Subcomponent Replicator disabled. K-01 Serf collects debris. Slammed into T-07 Excavator. K-01 Serf collects debris. Acquired Nuclear Core. Dropped Railgun. Acquired Chainsword. U-05 Engineer destroyed. Acquired 14 matter. Acquired Wheel. S-27 Virus destroyed. Lgt. Nuclear Core severed. Chainsword destroyed. Acquired Chainsword. R-06 Scavenger collects Welding Torch. R-06 Scavenger collects Terrain Scanner. Map ----- +----------------------------------------------------+ | ?????????????????????????????????????????????????? | | ?????????????????????????????????????????????????? | | ?????????????????????????????????????????????????? | | ?????????????????????????????????????????????????? | | ?????????????????????????????????????????????????? | | ?????????????????????????????????????????????????? | | ?????????????????????????????????????????????????? | | ???????????????????? ????????????????????????????? | | ???????????????????? ????????????????????????????? | | ???????????????????? ????????????????????????????? | | ???????????????????# ????????????????????????????? | | ??????????????????? ????????????????????????????? | | ??????????????????? ????????????????????????????? | | ??????????????????? ????????????????????????????? | | ??????????????????? #???????????????????????????? | | ??????????????????? ???????????????????????????? | | ??????????????????? #???????????????????????????? | | ??????????????????? #???????????????????????????? | | ???????????????????# #???????????????????????????? | | ???????????????????# #???????????????????????????? | | ???????????????????# #???????????????????????????? | | ????????? ???###+##########??????????????????? | | ????????# # = ! [ #??????????????????? | | ????????# ; / +??????????????????? | | ????????# #### r / s #??????????????????? | | ????????# ???????# //@s= #??????????????????? | | ?????????????????# p= #??????????????????? | | ?????????????????# s #??????????????????? | | ?????????????????# """"""" #??????????????????? | | ?????????????????# """"""" #??????????????????? | | ?????????????????# """"""" #??????????????????? | | ?????????????????# """"""" #??????????????????? | | ??????????######## #??????????????????? | | ??????????# ## ! ! #??????????????????? | | ??????????# ########/#########???????????????? | | ??????????+ ??????????? | | ??????????# ###### ??????????? | | ??????????# #????# ??????????? | | ??????????### ###????# ???????????? | | T??????#####+######## ???????????? | | "??????# # ####+#####????????????? | | "??????# ! # #?????????????????????? | | "??????# # #?????????????????????? | | #??????+ """ # #?????????????????????? | | ## ????# """"" # #?????????????????????? | | ????# """"" / +?????????????????????? | | ????# # #?????????????????????? | | #???# """ # #?????????????????????? | | ??????# """"" # #?????????????????????? | | ????????# """"" # #?????????????????????? | +----------------------------------------------------+ Best States ------------- Heat Dissipation 34 Energy Generation 15 Energy Capacity 250 Matter Stores 234 Matter Capacity 300 Sight Range 16 Robot Scan Range 10 Terrain Scan Density 10 Armor Coverage 600 Evasion (%) 62 Targeting Accuracy 6 Recoil Reduction 3 Item Schematics ----------------- None Robot Schematics ------------------ None Fabricated ------------ Railgun | x2 | -7/Factory | Preloaded Alien Tech Used ----------------- None Achievements -------------- Let's See Who's Tougher Remodeling Challenges ------------ None Game ------ Seed FieldMasterKit Manual? 0 Play Time 00:26:15 Cumulative 4.9 hours Start 2019.11.09 @ 18:03:10 End 2019.11.09 @ 18:29:43 Sessions 1 Manual Loads 0 Difficulty Rogue Special Mode None Game No. 8 Rogue 8 Adventurer 0 Explorer 0 Win Type - Total 0 Types 0/0/0/0/0/0/0 Lore% 12 Gallery% 11 Achievement% 11 Wizard Run 0 Options --------- ASCII 0 Keyboard 0 Movement Mouse Keybinds 0 Fullscreen 1 Font 20/SmallcapsGlow Map View 66x50 Tactical HUD 0 Map Filters NONE Filters NONE Steam 1 RUN: acf2b5d4-1117-463b-afa2-40a94e9c9958